 Dungeon Crawl Stone Soup version 0.27.1 (webtiles) character file.

Game seed: 710632388877954886

2171 Gwenloh the Covert (level 9, -6/48 HPs)
             Began as a Vine Stalker Brigand on Aug 25, 2021.
             Was an Initiate of Uskayaw.
             Mangled by a cyclops (26 damage)
             ... on level 7 of the Dungeon.
             The game lasted 00:28:02 (6237 turns).

Gwenloh the Covert (Vine Stalker Brigand)           Turns: 6237, Time: 00:28:02

Health: -6/48      AC:  7    Str: 18    XL:     9   Next: 32%
Magic:  0/13       EV: 12    Int:  6    God:    Uskayaw [......]
Gold:   358        SH:  0    Dex: 19    Spells: 8/8 levels left

rFire    . . .     SeeInvis .   a - +5 dagger (freeze)
rCold    + + .     Faith    .   (no shield)
rNeg     . . .     Spirit   +   J - +3 leather armour of the Forest {Rampage rC++ Str+4 Int-5}
rPois    .         Reflect  .   (no helmet)
rElec    .         Harm     .   c - +0 cloak
rCorr    .         Rampage  +   (no gloves)
Will     +....                  (no boots)
Stlth    +++++.....             m - amulet of magic regeneration
HPRegen  1.16/turn              (no ring)
MPRegen  0.38/turn              (no ring)

@: no status effects
A: fangs 3, regeneration 1, magic shield, antimagic bite, no potion heal 2
a: Renounce Religion


You were on level 7 of the Dungeon.
You worshipped Uskayaw.
Uskayaw was noncommittal.
You visited 2 branches of the dungeon, and saw 8 of its levels.

You collected 358 gold pieces.

Inventory:

Hand Weapons
 a - a +5 dagger of freezing (weapon)
 b - a +1 shortbow of flaming
 D - a +0 hunting sling of freezing
Missiles
 d - 59 poisoned darts (quivered)
 e - 2 curare-tipped darts
 h - 108 sling bullets
 l - 227 stones
 p - 31 bolts
 C - 4 atropa-tipped darts
 E - 34 arrows
Armour
 c - a +0 cloak (worn)
 J - the +3 leather armour of the Forest (worn) {Rampage rC++ Str+4 Int-5}
   (You found it on level 6 of the Dungeon)

   Str:       It affects your strength (+4).
   Int:       It affects your intelligence (-5).
   rC:        It greatly protects you from cold.
   Rampage:   It bestows one free step when moving towards enemies.
Jewellery
 m - an amulet of magic regeneration (around neck)
Wands
 f - a wand of paralysis (11)
 H - a wand of iceblast (7)
 I - a wand of charming (9)
 K - a wand of flame (16)
Scrolls
 g - a scroll of immolation
 k - 2 scrolls of amnesia
 s - 2 scrolls of teleportation
 t - a scroll of silence {unknown}
 u - a scroll of holy word {unknown}
 x - a scroll of blinking {unknown}
 A - 2 scrolls of summoning
 F - a scroll of fear {unknown}
 G - a scroll of enchant armour {unknown}
Potions
 i - 3 potions of curing {unknown}
 n - 2 potions of degeneration {unknown}
 o - a potion of brilliance {unknown}
 q - 3 potions of haste {unknown}
 v - 2 potions of lignification {unknown}
 w - a potion of flight {unknown}
 z - a potion of heal wounds {unknown}
 B - a potion of cancellation {unknown}


   Skills:
 + Level 6.0 Fighting
 + Level 2.6 Short Blades
 - Level 1.7 Throwing
 + Level 1.8 Dodging
 + Level 12.0 Stealth
 + Level 4.1 Invocations


You had 8 spell levels left.
You didn't know any spells.
Your spell library contained the following spells:

 Spells                   Type           Power      Damage    Failure   Level
 Summon Small Mammal      Summ           0%         N/A       52%         1
 Call Canine Familiar     Summ           0%         N/A       87%         3
 Ignite Poison            Fire/Tmut/Pois 0%         N/A       87%         3
 Mephitic Cloud           Conj/Pois/Air  0%         N/A       87%         3
 Summon Guardian Golem    Hex/Summ       0%         N/A       87%         3
 Bolt of Magma            Conj/Fire/Erth 0%         4d4       100%        5


Dungeon Overview and Level Annotations

Branches:
Dungeon (7/15)             Temple (1/1) D:5

Altars:
Ashenzari
Cheibriados
Dithmenos
Fedhas
Hepliaklqana
Qazlal
Sif Muna
Trog
Uskayaw
Vehumet
Xom
The Shining One

Shops:
D:6 =

Annotations:
D:3 1 runed translucent door, Nanban's ghost, weakling OpDe


Innate Abilities, Weirdness & Mutations

You have razor-sharp teeth.
Your natural rate of healing is unusually fast.
When hurt, damage is shared between your health and your magic reserves.
Your bite disrupts and absorbs the magic of your enemies.
Potions cannot restore your health.


Message History

There is a large open door here.
As you close the large door, it creaks loudly!
You start resting.
Magic restored.
You start resting.
HP restored.
You open the large door.
There is a large open door here.
There is a large open door here.
You close the large door.
You start waiting.
A cyclops opens the door.
You rampage towards the cyclops!
You hit the cyclops. You freeze the cyclops. You bite the cyclops.
You drain its power.
The cyclops is moderately wounded.
The cyclops hits you!
You hit the cyclops but do no damage.
The cyclops is moderately wounded.
You stomp with the beat, sending a shockwave through the revellers around you!
The cyclops is heavily wounded.
You can no longer stomp with the beat.
The cyclops barely misses you.
You can now stomp with the beat.
You hit the cyclops but do no damage.
The cyclops is heavily wounded.
The cyclops hits you!!
You stomp with the beat, sending a shockwave through the revellers around you!
The cyclops is severely wounded.
You can no longer stomp with the beat.
You hit the cyclops. You freeze the cyclops. You bite the cyclops.
You drain its power.
You feel invigorated.
The cyclops is almost dead.
The cyclops closely misses you.
You can now stomp with the beat.
You barely miss the cyclops.
The cyclops is almost dead.
You stomp with the beat, sending a shockwave through the revellers around you!
The cyclops is almost dead.
You can no longer stomp with the beat.
The cyclops hits you!!
Ouch! That really hurt!
You die...

##........##.....# ##
##..........##....# #..
#.....##.....####.# ...
......##......##### ### ...
......##.......######.##### ...
......##........##........# ...
.....####.......##........####...
....## ##......#................
##### #####..@C...............
##### #####..'.........#######
....## ##......##........#
.....####.......##........#
......##........##........#
......##....)..############
......##......## #.....##.....##
##..........##


You could see a cyclops.

Vanquished Creatures
  Joseph (D:7)
  A wyvern (D:7)
  A steam dragon (D:6)
  A black bear (D:6)
  A necrophage (D:3)
  3 ogres
  A centaur (D:5)
  A phantom (D:6)
  3 scorpions
  A howler monkey (D:6)
  5 wights (D:6)
  2 bullfrog zombies
  2 centaur zombies
  A jelly (D:4)
  2 orc priests (D:4)
  Crazy Yiuf (D:2)
  3 iguanas (D:5)
  3 orc wizards
  2 killer bee zombies
  A hound skeleton (D:4)
  A howler monkey zombie (D:7)
  4 adders
  A white imp (D:2)
  2 ufetubi
  4 dart slugs (D:1)
  2 worms
  16 orcs
  3 ball pythons
  2 endoplasms
  2 giant cockroaches
  7 goblins
  4 hobgoblins
  2 jackals (D:3)
  2 quokkas
  A bat (D:1)
  3 frilled lizards
  5 kobolds
  7 rats
104 creatures vanquished.

Vanquished Creatures (others)
  2 withered plants (D:3)
2 creatures vanquished.

Grand Total: 106 creatures vanquished

Notes
Turn   | Place    | Note
-------+----------+-------------------------------------------
     0 | D:1      | Gwenloh the Vine Stalker Brigand began the quest for the
                  | Orb.
     0 | D:1      | Reached XP level 1. HP: 11/11 MP: 2/2
   119 | D:1      | Reached skill level 5 in Stealth
   189 | D:1      | Reached XP level 2. HP: 11/15 MP: 1/3
  1015 | D:1      | Reached XP level 3. HP: 18/18 MP: 4/4
  1570 | D:2      | Reached skill level 6 in Stealth
  1771 | D:2      | Found a runed translucent door.
  1772 | D:2      | Noticed Crazy Yiuf
  1877 | D:2      | Killed Crazy Yiuf
  1878 | D:2      | Gained mutation: Your natural rate of healing is unusually
                  | fast. [Vine Stalker growth]
  1878 | D:2      | Reached XP level 4. HP: 23/23 MP: 5/5
  2115 | D:3      | Reached skill level 7 in Stealth
  2122 | D:3      | Reached XP level 5. HP: 28/28 MP: 4/6
  2191 | D:3      | Found a runed translucent door.
  2191 | D:3      | Noticed Nanban's ghost (weakling OpDe)
  2798 | D:3      | Found a faded altar of an unknown god.
  2908 | D:3      | Became a worshipper of the Shining One
  2908 | D:3      | Reached * piety under the Shining One
  2909 | D:3      | Fell from the grace of the Shining One
  2977 | D:4      | Noticed a necrophage
  3276 | D:4      | Found a bloodstained altar of Trog.
  3302 | D:4      | Reached XP level 6. HP: 32/32 MP: 7/7
  3327 | D:4      | Identified the +6 hand axe of the Eleven Beggars {vorpal,
                  | rPois Will+++ Dex-4 Stlth+}
  3343 | D:4      | Reached skill level 8 in Stealth
  3623 | D:3      | Killed a necrophage
  3902 | D:5      | Entered Level 5 of the Dungeon
  3935 | D:4      | Reached skill level 9 in Stealth
  3935 | D:4      | Reached XP level 7. HP: 19/37 MP: 4/8
  4009 | D:5      | Found a staircase to the Ecumenical Temple.
  4015 | Temple   | Entered the Ecumenical Temple
  4064 | Temple   | Became a worshipper of Uskayaw the Reveller
  4119 | D:5      | Reached * piety under Uskayaw
  4125 | D:5      | Reached ** piety under Uskayaw
  4324 | D:5      | Reached skill level 10 in Stealth
  4438 | D:4      | Reached skill level 1 in Invocations
  4553 | D:5      | Gained mutation: You have razor-sharp teeth. [Vine Stalker
                  | growth]
  4553 | D:5      | Reached XP level 8. HP: 25/42 MP: 7/10
  4751 | D:5      | Reached skill level 5 in Fighting
  5018 | D:6      | Found Qawnici's Jewellery Boutique.
  5129 | D:6      | Identified the +3 leather armour of the Forest {Rampage
                  | rC++ Str+4 Int-5}
  5543 | D:6      | Reached skill level 11 in Stealth
  5942 | D:7      | Found a shadowy altar of Dithmenos.
  5963 | D:7      | Reached skill level 1 in Dodging
  5963 | D:7      | Reached XP level 9. HP: 48/48 MP: 12/12
  6009 | D:7      | Noticed Joseph
  6031 | D:7      | Killed Joseph
  6196 | D:7      | Reached skill level 12 in Stealth
  6197 | D:7      | Noticed a cyclops
  6237 | D:7      | Mangled by a cyclops

Illustrated notes

Levels and vault maps discovered:
D:1:      minmay_arrival_jagged, layout_loops_corners, minmay_hedge_maze
D:2:      layout_rooms, kennysheep_another_room, minmay_crystal_room,
          uniq_crazy_yiuf_cottage
D:3:      layout_loops_ring, shapermc_ecumenical_altar_hornbeckon,
          gammafunk_ghost_grave
D:4:      layout_rooms, mainiacjoe_overflow_small_starburst, bh_walls_and_bars
D:5:      layout_rooms, temple_green
D:6:      layout_basic, serial_shops, nicolae_shop_statue_plus
D:7:      layout_rooms, minmay_overflow_temple_star_hex,
          nicolae_dithmenos_through_a_glass_darkly,
          mainiacjoe_overflow_alcove_4, kennysheep_cross_room, uniq_joseph
Temple:   cyrus_temple_forest

Skill      XL: |  1  2  3  4  5  6  7  8  9 |
---------------+----------------------------+-----
Stealth        | 5 6 7 9 10 11 12 | 12.0
Fighting       | 2 3 4 5 6 |  6.0
Invocations    | 1 3 4 |  4.1
Short Blades   | 2 |  2.6
Dodging        | 1 |  1.8
Throwing       | |  1.7

Action                   |  1- 3 |  4- 6 |  7- 9 || total
-------------------------+-------+-------+-------++-------
Melee: Dagger            |    47 |   151 |   162 ||   360
       Bite              |     8 |    51 |    56 ||   115
 Fire: Hunting sling     |    12 |    10 |     5 ||    27
       Shortbow          |       |       |    26 ||    26
Throw: Dart              |       |    22 |     3 ||    25
Invok: Renounce Religion |       |     1 |       ||     1
       Stomp             |       |       |    14 ||    14
       Line Pass         |       |       |     1 ||     1
Evoke: Wand              |       |       |     1 ||     1
  Use: Scroll            |       |       |     9 ||     9
 Stab: Sleeping          |    12 |     5 |     9 ||    26
       Distracted        |     1 |       |       ||     1
       Confused          |       |       |     2 ||     2
Armor: Robe              |     6 |    23 |       ||    29
       Leather armour    |       |    18 |    45 ||    63
Dodge: Dodged            |    14 |    89 |    70 ||   173
